General information
- name: BNet
- type: Ladder team game (AT/RT)
- host: Battle.net
- saver: LilSparrow
map: FullScaleAssault
- players: 8
- length: 55:05
- speed: Fast
- version: 1.26 W3XP
- replay type: Public
» download(275 KB)
Players
team 1 (winner)

»
SpontaneousJizz (
pink | 32 APM | 1250 actions | 39:17)
6 Blademaster
3 Critical Strike
2 Wind Walk
1 Bladestorm
3 Tauren Chieftain
2 Endurance Aura
1 War Stomp
» actions
| Assign group hotkey | 23 | |
| Basic commands | 113 | |
| Build / train | 92 | |
| Enter build submenu | 18 | |
| Enter hero's abilities submenu | 9 | |
| Give item / drop item | 6 | |
| Right click | 356 | |
| Select / deselect | 423 | |
| Select group hotkey | 68 | |
| Use ability | 140 | |
1250 total
» units
| Peon | 11 | |
| Grunt | 3 | |
| Troll Headhunter/Berserker | 2 | |
| Tauren | 15 | |
| Spirit Walker | 6 | |
| Shaman | 2 | |
| Troll Batrider | 5 | |
| Goblin Sapper | 3 | |
47 total
» upgrades
| Armor | 3 | |
| Pillage | 1 | |
| Spirit Walker Training | 2 | |
| Pulverize | 1 | |
| Melee Weapons | 2 | |
| Shaman Training | 2 | |
| Liquid Fire | 1 | |
12 total
» buildings
| Orc Burrow | 8 | |
| Altar of Storms | 1 | |
| Barracks | 1 | |
| War Mill | 1 | |
| Stronghold | 2 | |
| Voodoo Lounge | 1 | |
| Fortress | 1 | |
| Great Hall | 1 | |
| Tauren Totem | 2 | |
| Spirit Lodge | 1 | |
| Beastiary | 1 | |
20 total
» build order
00:27 Orc Burrow
01:04 Altar of Storms
01:20 Barracks
01:44 Orc Burrow
02:23 War Mill
02:38 Orc Burrow
03:25 Stronghold
03:25 Stronghold
03:51 Voodoo Lounge
06:08 Fortress
06:17 Great Hall
08:01 Orc Burrow
11:28 Tauren Totem
11:30 Tauren Totem
11:36 Spirit Lodge
17:07 Orc Burrow
17:14 Orc Burrow
17:47 Orc Burrow
19:20 Orc Burrow
25:10 Beastiary
» items
| Healing Salve | 3 | |
| Boots of Speed | 2 | |
| Staff of Teleportation | 1 | |
| Potion of Healing | 4 | |
| Orb of Lightning | 6 | |
| Lesser Clarity Potion | 2 | |
18 total
LilSparrow (
purple | 58 APM | 3211 actions | 55:05)
10 Blademaster
3 Wind Walk
3 Critical Strike
1 Bladestorm
3 Mirror Image
» actions
| Assign group hotkey | 52 | |
| Basic commands | 15 | |
| Build / train | 123 | |
| Enter build submenu | 100 | |
| Enter hero's abilities submenu | 11 | |
| Give item / drop item | 19 | |
| Remove unit from queue | 2 | |
| Right click | 1596 | |
| Select / deselect | 564 | |
| Select group hotkey | 404 | |
| Use ability | 324 | |
3211 total
» units
| Peon | 26 | |
| Grunt | 5 | |
| Goblin Shredder | 2 | |
| Goblin Zeppelin | 2 | |
| Wind Rider | 3 | |
| Goblin Sapper | 3 | |
| Raider | 1 | |
| Blue Dragon | 1 | |
43 total
» upgrades
| Armor | 3 | |
| Liquid Fire | 1 | |
| Reinforced Defenses | 1 | |
| Ranged Weapons | 3 | |
| Envenomed Spears | 1 | |
| Troll Regeneration | 1 | |
| Spiked Barricades | 3 | |
| Melee Weapons | 3 | |
| Berserker Strength | 1 | |
| Ensnare | 1 | |
| Witch Doctor Training | 2 | |
| Shaman Training | 2 | |
| Burning Oil | 1 | |
| Berserker Upgrade | 1 | |
| War Drums Damage Increase | 1 | |
| Spirit Walker Training | 1 | |
| Pillage | 1 | |
| Backpack | 1 | |
28 total
» buildings
| Orc Burrow | 7 | |
| Altar of Storms | 1 | |
| Barracks | 1 | |
| Voodoo Lounge | 1 | |
| Stronghold | 1 | |
| War Mill | 3 | |
| Great Hall | 12 | |
| Beastiary | 12 | |
| Fortress | 1 | |
| Watch Tower | 83 | |
| Spirit Lodge | 2 | |
124 total
» build order
00:27 Orc Burrow
01:10 Altar of Storms
01:12 Barracks
01:15 Orc Burrow
01:44 Voodoo Lounge
02:52 Stronghold
03:37 War Mill
03:51 Orc Burrow
05:08 Great Hall
06:24 Beastiary
06:25 Beastiary
06:29 Orc Burrow
06:42 Fortress
07:00 Orc Burrow
07:17 Watch Tower
07:18 Watch Tower
07:18 Watch Tower
08:23 Watch Tower
08:24 Watch Tower
08:24 Watch Tower
08:25 Watch Tower
08:25 Watch Tower
08:26 Watch Tower
08:54 Watch Tower
08:54 Watch Tower
08:55 Watch Tower
08:56 Watch Tower
08:57 Watch Tower
08:58 Watch Tower
10:32 Beastiary
10:33 Beastiary
11:13 Great Hall
11:16 Watch Tower
11:16 Watch Tower
11:16 Watch Tower
11:17 Watch Tower
11:55 Watch Tower
11:57 Watch Tower
11:58 Watch Tower
12:00 Watch Tower
12:19 War Mill
12:52 Orc Burrow
12:58 Watch Tower
17:21 Great Hall
17:46 Great Hall
19:04 Great Hall
19:43 Watch Tower
19:44 Watch Tower
22:04 Great Hall
22:06 Watch Tower
22:06 Watch Tower
22:07 Watch Tower
22:07 Watch Tower
22:09 Watch Tower
22:10 Watch Tower
22:10 Watch Tower
22:10 Watch Tower
22:12 Watch Tower
22:12 Watch Tower
22:12 Watch Tower
22:14 Watch Tower
22:35 Beastiary
22:35 Beastiary
24:17 War Mill
27:05 Great Hall
27:08 Watch Tower
27:08 Watch Tower
27:08 Watch Tower
27:09 Watch Tower
27:09 Watch Tower
27:11 Watch Tower
27:12 Watch Tower
27:13 Watch Tower
28:06 Great Hall
28:14 Great Hall
28:16 Watch Tower
28:17 Watch Tower
28:18 Watch Tower
28:20 Watch Tower
28:21 Watch Tower
28:21 Watch Tower
28:22 Watch Tower
28:39 Watch Tower
28:40 Watch Tower
28:40 Watch Tower
28:40 Watch Tower
28:42 Watch Tower
28:43 Watch Tower
28:44 Watch Tower
28:44 Watch Tower
28:45 Watch Tower
28:45 Watch Tower
28:46 Watch Tower
28:47 Watch Tower
28:48 Watch Tower
28:49 Watch Tower
28:50 Watch Tower
28:51 Watch Tower
29:28 Beastiary
29:29 Beastiary
29:31 Beastiary
29:34 Beastiary
29:39 Beastiary
29:45 Beastiary
33:34 Spirit Lodge
33:36 Spirit Lodge
51:01 Orc Burrow
52:11 Great Hall
52:40 Great Hall
52:44 Watch Tower
52:45 Watch Tower
52:46 Watch Tower
52:46 Watch Tower
52:47 Watch Tower
52:48 Watch Tower
52:48 Watch Tower
52:49 Watch Tower
53:56 Great Hall
53:58 Watch Tower
53:58 Watch Tower
53:59 Watch Tower
53:59 Watch Tower
» items
| Healing Salve | 7 | |
| Potion of Mana | 9 | |
| Orb of Corruption | 1 | |
| Boots of Speed | 1 | |
| Lesser Clarity Potion | 7 | |
| Potion of Healing | 4 | |
| Staff of Teleportation | 1 | |
| Scroll of Town Portal | 6 | |
36 total
garmin (
yellow | 14 APM | 750 actions | 55:04)
5 Archmage
3 Blizzard
2 Brilliance Aura
1 Tauren Chieftain
1 War Stomp
» actions
| Assign group hotkey | 17 | |
| Basic commands | 195 | |
| Build / train | 90 | |
| ESC pressed | 1 | |
| Enter build submenu | 26 | |
| Enter hero's abilities submenu | 6 | |
| Give item / drop item | 3 | |
| Remove unit from queue | 3 | |
| Right click | 26 | |
| Select / deselect | 188 | |
| Select group hotkey | 132 | |
| Use ability | 63 | |
750 total
» units
| Peasant | 12 | |
| Priest | 11 | |
| Mortar Team | 30 | |
| Siege Engine | 10 | |
63 total
» upgrades
| Armor | 2 | |
| Lumber Harvesting | 2 | |
| Priest Training | 1 | |
| Barrage | 1 | |
| Gunpowder | 2 | |
| Flare | 1 | |
| Fragmentation Shards | 1 | |
| Plating | 2 | |
12 total
» buildings
| Altar of Kings | 1 | |
| Farm | 13 | |
| Lumber Mill | 1 | |
| Scout Tower | 5 | |
| Keep | 1 | |
| Arcane Tower | 3 | |
| Blacksmith | 1 | |
| Castle | 1 | |
| Arcane Sanctum | 1 | |
| Workshop | 2 | |
| Town Hall | 2 | |
| Arcane Vault | 1 | |
32 total
» build order
00:28 Altar of Kings
00:42 Farm
01:07 Lumber Mill
01:48 Scout Tower
01:57 Keep
02:20 Arcane Tower
02:33 Blacksmith
02:45 Scout Tower
02:58 Farm
03:14 Arcane Tower
04:22 Castle
04:59 Arcane Sanctum
05:02 Workshop
05:21 Farm
06:17 Farm
07:11 Farm
08:01 Farm
08:05 Workshop
10:24 Scout Tower
11:37 Farm
11:45 Arcane Tower
11:50 Town Hall
12:18 Farm
13:08 Farm
13:09 Farm
13:11 Farm
13:12 Farm
19:51 Arcane Vault
21:28 Farm
21:57 Scout Tower
34:42 Town Hall
37:03 Scout Tower
Amsterswim (
red | 21 APM | 1177 actions | 55:04)
8 Crypt Lord
3 Carrion Beetles
3 Impale
1 Spiked Carapace
1 Locust Swarm
6 Death Knight
2 Death Coil
2 Unholy Aura
1 Death Pact
1 Animate Dead
5 Dreadlord
3 Vampiric Aura
2 Sleep
» actions
| Basic commands | 192 | |
| Build / train | 159 | |
| Enter build submenu | 45 | |
| Enter hero's abilities submenu | 19 | |
| Give item / drop item | 4 | |
| Right click | 3 | |
| Select / deselect | 568 | |
| Use ability | 187 | |
1177 total
» units
| Acolyte | 18 | |
| Ghoul | 14 | |
| Crypt Fiend | 19 | |
| Meatwagon | 5 | |
| Obsidian Statue | 4 | |
| Necromancer | 22 | |
| Goblin Zeppelin | 1 | |
| Abomination | 2 | |
| Grunt | 2 | |
87 total
» upgrades
| Burrow | 1 | |
| Necromancer Training | 2 | |
| Skeletal Mastery | 1 | |
| Skeletal Longevity | 1 | |
| Exhume Corpses | 1 | |
| Disease Cloud | 1 | |
| Unholy Strength | 2 | |
| Unholy Armor | 3 | |
| Web | 1 | |
| Stone Form | 1 | |
14 total
» buildings
| Ziggurat | 17 | |
| Altar of Darkness | 2 | |
| Crypt | 2 | |
| Graveyard | 3 | |
| Tomb of Relics | 2 | |
| Nerubian Tower | 5 | |
| Spirit Tower | 7 | |
| Halls of the Dead | 2 | |
| Black Citadel | 2 | |
| Temple of the Damned | 3 | |
| Slaughterhouse | 3 | |
| Necropolis | 1 | |
49 total
» build order
00:16 Ziggurat
00:21 Altar of Darkness
01:02 Crypt
01:11 Graveyard
01:17 Graveyard
01:33 Tomb of Relics
01:40 Nerubian Tower
01:48 Ziggurat
02:44 Spirit Tower
03:50 Ziggurat
04:11 Halls of the Dead
04:48 Ziggurat
05:26 Nerubian Tower
06:45 Black Citadel
10:38 Temple of the Damned
10:47 Temple of the Damned
10:52 Slaughterhouse
11:07 Slaughterhouse
11:11 Slaughterhouse
11:45 Ziggurat
11:46 Nerubian Tower
14:51 Spirit Tower
28:21 Ziggurat
28:24 Ziggurat
29:15 Spirit Tower
30:16 Ziggurat
30:26 Ziggurat
30:29 Ziggurat
35:09 Necropolis
37:52 Ziggurat
37:54 Halls of the Dead
37:57 Altar of Darkness
38:04 Crypt
38:09 Graveyard
38:45 Ziggurat
40:38 Ziggurat
40:42 Spirit Tower
40:48 Ziggurat
40:53 Ziggurat
40:57 Spirit Tower
41:05 Black Citadel
41:37 Spirit Tower
41:43 Temple of the Damned
42:07 Nerubian Tower
42:22 Spirit Tower
45:24 Ziggurat
45:29 Ziggurat
49:14 Tomb of Relics
50:10 Nerubian Tower
» items
| Rod of Necromancy | 1 | |
| Potion of Healing | 5 | |
| Potion of Mana | 2 | |
| Orb of Corruption | 3 | |
| Scroll of Town Portal | 7 | |
| Orb of Lightning | 2 | |
20 total
team 2 (loser)
PeachyPalm (
green | 72 APM | 3454 actions | 47:45)
8 Archmage
3 Blizzard
3 Brilliance Aura
1 Mass Teleport
1 Summon Water Elemental
8 Blood Mage
3 Flame Strike
3 Banish
2 Summon Phoenix
4 Pit Lord
2 Rain of Fire
2 Howl of Terror
» actions
| Assign group hotkey | 79 | |
| Basic commands | 182 | |
| Build / train | 145 | |
| ESC pressed | 1 | |
| Enter build submenu | 34 | |
| Enter hero's abilities submenu | 24 | |
| Right click | 1218 | |
| Select / deselect | 891 | |
| Select group hotkey | 692 | |
| Use ability | 187 | |
3454 total
» units
| Peasant | 29 | |
| Rifleman | 22 | |
| Sorceress | 8 | |
| Priest | 10 | |
| Flying Machine | 9 | |
| Mortar Team | 2 | |
80 total
» upgrades
| Long Rifles | 1 | |
| Magic Sentry | 1 | |
| Lumber Harvesting | 1 | |
| Sorceress Training | 2 | |
| Gunpowder | 1 | |
| Priest Training | 2 | |
| Masonry | 1 | |
| Fragmentation Shards | 1 | |
10 total
» buildings
| Altar of Kings | 1 | |
| Farm | 10 | |
| Blacksmith | 1 | |
| Barracks | 2 | |
| Scout Tower | 16 | |
| Arcane Tower | 3 | |
| Keep | 1 | |
| Town Hall | 5 | |
| Arcane Sanctum | 2 | |
| Lumber Mill | 1 | |
| Guard Tower | 12 | |
| Arcane Vault | 1 | |
| Castle | 1 | |
| Workshop | 1 | |
57 total
» build order
00:26 Altar of Kings
00:42 Farm
00:43 Farm
01:33 Blacksmith
02:00 Barracks
02:08 Scout Tower
02:17 Barracks
02:39 Arcane Tower
02:48 Farm
02:49 Farm
02:51 Farm
03:15 Scout Tower
04:40 Keep
05:18 Scout Tower
05:32 Farm
05:32 Farm
07:04 Scout Tower
07:14 Town Hall
08:04 Arcane Sanctum
08:09 Farm
08:10 Farm
08:11 Farm
09:33 Lumber Mill
10:26 Scout Tower
10:27 Scout Tower
10:28 Scout Tower
10:28 Scout Tower
11:13 Arcane Sanctum
11:44 Guard Tower
11:45 Guard Tower
11:48 Guard Tower
12:15 Arcane Tower
12:32 Arcane Vault
12:35 Scout Tower
12:38 Scout Tower
14:44 Guard Tower
14:45 Guard Tower
15:27 Guard Tower
15:36 Castle
16:38 Guard Tower
17:01 Guard Tower
17:02 Guard Tower
19:22 Scout Tower
19:52 Town Hall
20:06 Arcane Tower
21:01 Workshop
22:06 Scout Tower
22:59 Town Hall
23:00 Guard Tower
23:02 Guard Tower
23:03 Guard Tower
27:42 Town Hall
43:23 Scout Tower
43:24 Scout Tower
43:25 Scout Tower
43:26 Scout Tower
46:00 Town Hall
» items
| Boots of Speed | 1 | |
| Staff of Teleportation | 2 | |
| Scroll of Healing | 1 | |
| Scroll of Regeneration | 1 | |
| Ivory Tower | 7 | |
12 total
WARDENFTW (
orange | 39 APM | 1063 actions | 27:28)
3 Blood Mage
2 Flame Strike
1 Banish
3 Archmage
1 Brilliance Aura
2 Summon Water Elemental
» actions
| Assign group hotkey | 5 | |
| Basic commands | 27 | |
| Build / train | 80 | |
| ESC pressed | 8 | |
| Enter build submenu | 14 | |
| Enter hero's abilities submenu | 6 | |
| Give item / drop item | 1 | |
| Remove unit from queue | 8 | |
| Right click | 434 | |
| Select / deselect | 382 | |
| Select group hotkey | 28 | |
| Use ability | 70 | |
1063 total
» units
| Peasant | 12 | |
| Sorceress | 25 | |
| Goblin Sapper | 1 | |
| Spell Breaker | 5 | |
43 total
» upgrades
| Masonry | 3 | |
| Sorceress Training | 3 | |
| Priest Training | 0 | |
| Magic Sentry | 1 | |
7 total
» buildings
| Altar of Kings | 1 | |
| Farm | 11 | |
| Scout Tower | 3 | |
| Keep | 3 | |
| Arcane Tower | 3 | |
| Lumber Mill | 1 | |
| Guard Tower | 1 | |
| Castle | 1 | |
| Arcane Sanctum | 2 | |
| Arcane Vault | 1 | |
27 total
» build order
02:55 Altar of Kings
03:10 Farm
05:35 Scout Tower
05:44 Keep
05:44 Keep
06:05 Arcane Tower
06:09 Scout Tower
06:36 Arcane Tower
06:36 Arcane Tower
06:42 Lumber Mill
07:24 Scout Tower
08:01 Guard Tower
08:06 Castle
09:44 Arcane Sanctum
09:45 Arcane Sanctum
12:18 Farm
12:19 Farm
12:23 Farm
12:25 Farm
12:28 Farm
13:34 Farm
13:34 Farm
13:35 Farm
13:36 Farm
16:10 Arcane Vault
17:59 Farm
» items
| Scroll of Town Portal | 3 | |
| Scroll of Regeneration | 1 | |
4 total
kidsmirf1 (
blue | 28 APM | 702 actions | 25:14)
6 Blood Mage
2 Flame Strike
2 Siphon Mana
1 Banish
1 Summon Phoenix
» actions
| Basic commands | 3 | |
| Build / train | 71 | |
| Enter build submenu | 29 | |
| Enter hero's abilities submenu | 6 | |
| Give item / drop item | 2 | |
| Right click | 288 | |
| Select / deselect | 243 | |
| Use ability | 60 | |
702 total
» units
| Peasant | 16 | |
| Rifleman | 6 | |
| Mortar Team | 2 | |
| Gryphon Rider | 12 | |
36 total
» upgrades
| Gunpowder | 2 | |
| Armor | 2 | |
| Long Rifles | 1 | |
| Lumber Harvesting | 1 | |
| Masonry | 1 | |
| Fragmentation Shards | 1 | |
| Storm Hammers | 1 | |
| Swords | 2 | |
11 total
» buildings
| Lumber Mill | 1 | |
| Farm | 15 | |
| Altar of Kings | 1 | |
| Blacksmith | 1 | |
| Barracks | 1 | |
| Arcane Vault | 1 | |
| Scout Tower | 4 | |
| Guard Tower | 2 | |
| Keep | 1 | |
| Castle | 1 | |
| Gryphon Aviary | 1 | |
| Workshop | 2 | |
| Town Hall | 1 | |
| Arcane Tower | 1 | |
33 total
» build order
01:22 Lumber Mill
01:31 Farm
01:38 Altar of Kings
01:55 Blacksmith
02:02 Barracks
02:11 Farm
02:20 Farm
02:55 Farm
03:11 Arcane Vault
03:50 Farm
04:20 Scout Tower
04:33 Scout Tower
05:07 Guard Tower
05:15 Keep
07:06 Farm
07:11 Farm
07:14 Farm
07:43 Castle
07:52 Gryphon Aviary
07:56 Workshop
07:58 Workshop
09:13 Farm
10:06 Farm
11:31 Town Hall
12:03 Farm
12:09 Farm
12:56 Farm
13:43 Farm
14:42 Scout Tower
15:19 Scout Tower
15:29 Guard Tower
17:14 Farm
17:48 Arcane Tower
» items
| Scroll of Town Portal | 3 | |
| Potion of Healing | 1 | |
| Lesser Clarity Potion | 2 | |
| Scroll of Regeneration | 4 | |
| Orb of Fire | 1 | |
11 total

»
samiam (
teal | 25 APM | 1377 actions | 55:03)
10 Blademaster
3 Mirror Image
3 Critical Strike
3 Wind Walk
1 Bladestorm
1 Blood Mage
1 Flame Strike
» actions
| Build / train | 129 | |
| Enter build submenu | 21 | |
| Enter hero's abilities submenu | 11 | |
| Give item / drop item | 8 | |
| Right click | 677 | |
| Select / deselect | 430 | |
| Use ability | 101 | |
1377 total
» units
| Peon | 18 | |
| Grunt | 4 | |
| Troll Headhunter/Berserker | 18 | |
| Goblin Shredder | 1 | |
| Wind Rider | 23 | |
| Sorceress | 10 | |
74 total
» upgrades
| Armor | 3 | |
| Ranged Weapons | 3 | |
| Envenomed Spears | 1 | |
| Long Rifles | 1 | |
8 total
» buildings
| Altar of Storms | 1 | |
| Orc Burrow | 7 | |
| Barracks | 2 | |
| Voodoo Lounge | 1 | |
| War Mill | 1 | |
| Stronghold | 2 | |
| Fortress | 2 | |
| Beastiary | 2 | |
| Great Hall | 2 | |
| Blacksmith | 1 | |
21 total
» build order
00:12 Altar of Storms
00:15 Orc Burrow
00:18 Barracks
01:39 Orc Burrow
02:10 Voodoo Lounge
02:25 War Mill
03:22 Orc Burrow
05:25 Orc Burrow
05:52 Stronghold
09:00 Fortress
10:20 Beastiary
11:54 Great Hall
12:35 Great Hall
12:43 Orc Burrow
17:31 Stronghold
17:46 Orc Burrow
19:44 Orc Burrow
20:14 Fortress
20:22 Beastiary
33:09 Barracks
34:28 Blacksmith
» items
| Healing Salve | 4 | |
| Scroll of Speed | 1 | |
| Lesser Clarity Potion | 11 | |
| Scroll of Healing | 2 | |
| Potion of Healing | 5 | |
| Potion of Lesser Invulnerability | 3 | |
| Staff of Teleportation | 1 | |
| Scroll of Town Portal | 2 | |
| Orb of Lightning | 1 | |
| Potion of Mana | 1 | |
31 total
Chat log
(00:19 / Allies) garmin: am/[reists/morts
(00:38 / Allies) garmin: they might footman rush; we need to scout
(00:40 / All) LilSparrow: all you maidens heed my warning
(00:43 / All) LilSparrow: never trust a handsome man
(00:50 / All) LilSparrow: they will crush you like a sparrow leaving you to never mend
(00:57 / All) LilSparrow: they will vow to always love you swear no love but yours will do
(01:05 / All) LilSparrow: then they'll leave you for another, break your little heart in two
(01:12 / All) WARDENFTW: are you a women?
(01:19 / All) LilSparrow: no
(01:23 / All) LilSparrow: I'm a manly man
(03:18 / Allies) Amsterswim: look at the worker
(03:55 / Allies) Amsterswim: now that is team work
(04:02 / Allies) Amsterswim: just showing you guys how it is done
(05:35 / All) Amsterswim: now much is a tp scroll and how much is a worker?
(05:43 / All) Amsterswim: farking idiot
(05:45 / All) PeachyPalm: I didn't tp
(05:48 / All) PeachyPalm: idiot
(05:52 / All) WARDENFTW: lol
(05:58 / All) Amsterswim: you did not?
(06:16 / All) WARDENFTW: ur a farkin idiot
(06:24 / All) Amsterswim: you are a farking idiot
(06:45 / All) PeachyPalm: staff of teleportation
(07:04 / All) Amsterswim: the staff I rammed up your daddy's and mommy's ass
(07:06 / All) Amsterswim: ?
(07:14 / All) WARDENFTW: that was a dumb come back
(10:28 / All) Amsterswim: who is the idiot now?
(10:42 / All) Amsterswim: farking cocksuckers
(10:57 / Allies) LilSparrow: wood
(11:34 / All) LilSparrow: lawl
(11:36 / All) WARDENFTW: LOL
(11:44 / All) LilSparrow: I tried to tp out
(11:48 / All) LilSparrow: but he got a crit strike I think
(11:58 / All) Amsterswim: don't play with scissors
(12:07 / All) WARDENFTW: swords you mean
(12:09 / All) Amsterswim: someone will start crying when his eyes are gouged out
(12:22 / All) Amsterswim: you call that a sword?
(12:28 / Allies) garmin: well i got teals main
(12:28 / All) Amsterswim: what till you see my undead units
(12:31 / All) WARDENFTW: bm has a sword
(12:51 / Allies) garmin: lets attack
(14:08 / All) Amsterswim: wassup niggers
(16:21 / All) LilSparrow: damnnit
(16:21 / All) LilSparrow: lol
(16:22 / All) LilSparrow: nice
(16:30 / All) LilSparrow: didn't see you tp before I tped
(16:43 / Allies) garmin: RED
(17:25 / Allies) Amsterswim: lets hit
(17:40 / All) LilSparrow: no slalam
(17:56 / Allies) garmin: red, u are stupid
(18:13 / All) WARDENFTW: ROFL
(18:14 / All) WARDENFTW: ROFL
(18:35 / All) WARDENFTW: i just got sharted on
(18:52 / Allies) garmin: red, please leave
(20:04 / Allies) SpontaneousJizz: lets meet and go together
(20:29 / Allies) Amsterswim: purple, can you give me lots of gold?
(20:32 / Allies) Amsterswim: 100 truckload
(20:37 / Allies) LilSparrow: let me secure an expo on their side
(20:58 / Allies) Amsterswim: Capt Sparrow, this aint no Pirates of Carribean where you horde gold
(21:20 / Allies) garmin: red, please just leave; u are too stupid to play with
(21:26 / Allies) SpontaneousJizz: dont make necros of tauren plz
(21:50 / All) WARDENFTW: Just let me kill ur shit
(21:51 / All) WARDENFTW: gah
(21:58 / Allies) SpontaneousJizz: go
(22:02 / Allies) SpontaneousJizz: i'll hit high
(22:20 / Allies) garmin: either red gets on the team or i bs
(22:30 / Allies) LilSparrow: what's the problem
(22:37 / Allies) garmin: he is vlueless
(23:42 / All) Amsterswim: samiam, are you a terrorist?
(23:48 / All) Amsterswim: your nick sounds like islamic
(24:24 / All) WARDENFTW: i turned you into a goat lol
(24:39 / All) WARDENFTW: blue has downsyndrome
(26:45 / All) Amsterswim: oh no
(27:28 / Allies) garmin: and why are running from casters?
(28:09 / Allies) garmin: pink, go attack
(28:26 / Allies) garmin: i am about to bs
(28:37 / Allies) SpontaneousJizz: yellow
(28:43 / Allies) SpontaneousJizz: can u get even a few breakers?
(29:33 / Allies) garmin: ok, thats it
(29:38 / Allies) Amsterswim: purple, can you give me some gold please?
(29:48 / Allies) garmin: red, leave
(31:53 / All) LilSparrow: teal
(31:56 / All) LilSparrow: taht wasn't too bright
(33:09 / All) Amsterswim: yellow is a teamkiller
(33:24 / All) garmin: and u are a noob that does not listen
(33:32 / All) Amsterswim: i am recording this and sending a video of this conduct by yellow to Blizzard
(33:36 / All) garmin: good
(33:40 / All) garmin: leave and do it now
(33:40 / All) Amsterswim: say bye bye to your CD key
(33:42 / All) LilSparrow: lol
(33:44 / All) garmin: good
(33:47 / All) PeachyPalm: Oh?
(33:51 / All) Amsterswim: now you have to get your mommy to buy a new set of CDs
(33:53 / All) garmin: report me now; dont whine; do it
(34:04 / All) Amsterswim: both the WC3 original and the Frozen Throne expansion
(34:05 / All) garmin: do it NOW
(34:11 / All) garmin: NOW
(34:24 / All) LilSparrow: attack it again and your whole army dies
(34:49 / All) LilSparrow: so you want to play hardball
(35:32 / All) LilSparrow: You will all die by my hand
(35:34 / All) garmin: red, dont forget to report me
(35:38 / All) PeachyPalm: lol
(35:52 / All) Amsterswim: yellow fucking stop
(35:58 / All) Amsterswim: I am recording this
(36:01 / All) garmin: no, report me u pussy
(36:04 / All) garmin: report me
(36:11 / All) garmin: i want u to have enough
(37:38 / Allies) SpontaneousJizz: can i have gold purp?
(38:38 / All) Amsterswim: hey yellow, I just got off the phone with Blizzard's customer service. They are watching this game now and will lock your CD
(38:45 / All) garmin: GREAT
(38:51 / All) Amsterswim: good luck
(38:57 / All) garmin: that's garmin
(39:07 / Allies) SpontaneousJizz: wow
(39:08 / All) garmin: spell it propert;ly
(39:11 / All) Amsterswim: yup
(39:11 / All) LilSparrow: I have 12 wyverns guarding this expansion
(39:11 / Allies) SpontaneousJizz: im out
(39:14 / Allies) SpontaneousJizz: fuck u guys
(39:15 / All) Amsterswim: just got off the phone
(39:17 / All) LilSparrow: I'd advise you to not attack it agian
(39:39 / All) garmin: RED, u are a pussy and will lose the game
(39:54 / All) garmin: i double dog dare u to report me
(40:03 / All) garmin: abuse@blizzard.com
(40:48 / Allies) garmin: puple, gold please
(41:18 / Allies) garmin: purple?
(41:44 / Allies) LilSparrow: hang on I'll fight htem first
(41:48 / Allies) garmin: purple, gold please
(42:01 / Allies) Amsterswim: purple, got to use your gold
(42:45 / Allies) garmin: purple, gold or i go afk
(42:54 / Allies) Amsterswim: hey purple, becareful of yellow
(42:59 / Allies) Amsterswim: he might kill your town
(43:08 / Allies) Amsterswim: but Blizzard is now watching this game
(43:09 / Allies) garmin: i only bs noobs
(43:21 / Allies) garmin: hhahah soo funny
(43:36 / Allies) garmin: ok, purple, i am afk
(44:22 / All) garmin: red has expo top middle elevated expo
(44:28 / All) Amsterswim: hey yellow, what is wrong?
(44:31 / All) garmin: red, be sure to report that also
(44:34 / All) Amsterswim: cat's got your tongue?
(44:42 / All) Amsterswim: don't be so quiet
(44:57 / All) garmin: i am on the phone with blizzard; they just called me
(45:07 / All) garmin: then are congradulating me on bs a big mouth noob
(46:43 / All) garmin: dont kill red; he will call his mommy on u
(46:54 / All) LilSparrow: No one should leave
(47:08 / All) garmin: no one on thier team should
(48:17 / 10) LilSparrow: do you want to win?
(49:25 / 10) LilSparrow: Do you want to win?
(49:48 / 10) LilSparrow: I am killing my team
(51:58 / 10) LilSparrow: he said he was afk lol
(52:35 / All) LilSparrow: they risked all they had for a depleted gold mine
(52:47 / Allies) Amsterswim: which one was that?
(52:57 / 10) LilSparrow: probably had less than 100 gold
(53:02 / All) LilSparrow: probably had less than 100 gold
(54:20 / All) Amsterswim: purple, let yellow die
(54:29 / All) Amsterswim: this is probably his last game on this CD key anyway
(55:00 / 10) LilSparrow: This is my gold mine.